PAAA
ALLOWAY HALBERDS @ TORTOLITA DRUMMERS
07/16/2019
 
TOP OF THE 1ST
Alloway Halberds batting - Pitching for Tortolita Drummers : RHP Javier Estrada
Pitching: RHP Javier Estrada
Batting: RHB Maurice Wiebe 0-0: Called Strike
0-1: Ball
1-1: Called Strike
1-2: Foul Ball, location: 2F
1-2: Foul Ball, location: 2F
1-2: Foul Ball, location: 2F
1-2: Strikes out swinging
Batting: RHB Bill Stewart 0-0: Ball
1-0: DOUBLE (Line Drive, 5D)
Batting: RHB Jonathan Cundall 0-0: SINGLE (Flyball, 8LS)
Bill Stewart to third
Batting: LHB Mathew Rose 0-0: Ball
1-0: Called Strike
1-1: Ball
2-1: Foul Ball, location: 2F
2-2: Strikes out swinging
Batting: LHB Matt Mitchell 0-0: Ball
1-0: Swinging Strike
1-1: Ball
2-1: Ball
3-1: Foul Ball, location: 2F
3-2: Strikes out looking
Top of the 1st over - 0 run(s), 2 hit(s), 0 error(s), 2 left on base; Alloway 0 - Tortolita 0
BOTTOM OF THE 1ST
Tortolita Drummers batting - Pitching for Alloway Halberds : RHP Joe Holmes
Pitching: RHP Joe Holmes
Batting: RHB Robert Bailey 0-0: Called Strike
0-1: Called Strike
0-2: Ball
1-2: Foul Ball, location: 2F
1-2: Ball
2-2: Fly out, F8 (Flyball, 8LS)
Batting: SHB Dan Godwin 0-0: Fly out, F7 (Line Drive, 7M)
Batting: SHB Omar Gutiérrez 0-0: SINGLE (Groundball, 34D)
Batting: RHB Anastasio Cabanillas 0-0: Fly out, F4 (Popup, 4MD)
Bottom of the 1st over - 0 run(s), 1 hit(s), 0 error(s), 1 left on base; Alloway 0 - Tortolita 0
TOP OF THE 2ND
Alloway Halberds batting - Pitching for Tortolita Drummers : RHP Javier Estrada
Batting: LHB Kenji Takahashi 0-0: Called Strike
0-1: Ball
1-1: Foul Ball, location: 2F
1-2: Ball
2-2: Foul Ball, location: 2F
2-2: Ball
3-2: Foul Ball, location: 2F
3-2: Strikes out swinging
Batting: RHB Tracy Larson 0-0: Ball
1-0: Foul Ball, location: 2F
1-1: Ball
2-1: Foul Ball, location: 2F
2-2: SINGLE (Flyball, 9S) - OUT at second base trying to stretch hit.
Batting: RHB Mark Davis 0-0: Ground out 5-3 (Groundball, 56S)
Top of the 2nd over - 0 run(s), 1 hit(s), 0 error(s), 0 left on base; Alloway 0 - Tortolita 0
BOTTOM OF THE 2ND
Tortolita Drummers batting - Pitching for Alloway Halberds : RHP Joe Holmes
Batting: RHB Lonnie Conrad 0-0: Foul Ball, location: 2F
0-1: Ball
1-1: Ball
2-1: SOLO HOME RUN (Flyball, 7D), Distance : 364 ft
Batting: LHB Jesse Taylor 0-0: Called Strike
0-1: Ball
1-1: Swinging Strike
1-2: Ball
2-2: Strikes out looking
Batting: LHB Orlando Trevino 0-0: Fly out, F8 (Flyball, 8LD)
Batting: RHB Jim Harris 0-0: Swinging Strike
0-1: Ball
1-1: SINGLE (Flyball, 9LM)
Batting: RHB Ray Whittier 0-0: Called Strike
0-1: Ball
1-1: Called Strike
1-2: Ground out 6-3 (Groundball, 6)
Bottom of the 2nd over - 1 run(s), 2 hit(s), 0 error(s), 1 left on base; Alloway 0 - Tortolita 1
TOP OF THE 3RD
Alloway Halberds batting - Pitching for Tortolita Drummers : RHP Javier Estrada
Batting: RHB Pedro Orozco 0-0: Foul Ball, location: 2F
0-1: Ball
1-1: Ball
2-1: DOUBLE (Flyball, 89D)
Batting: RHB Maurice Wiebe 0-0: Called Strike
0-1: Ball
1-1: Ball
2-1: Fly out, F2 (Popup, 23F)
Batting: RHB Bill Stewart 0-0: Called Strike
0-1: Ball
1-1: Ground out 2-3 (Groundball, 2L)
Pedro Orozco to third
Batting: RHB Jonathan Cundall 0-0: Called Strike
0-1: Called Strike
0-2: Foul Ball, location: 2F
0-2: Strikes out looking
Top of the 3rd over - 0 run(s), 1 hit(s), 0 error(s), 1 left on base; Alloway 0 - Tortolita 1
BOTTOM OF THE 3RD
Tortolita Drummers batting - Pitching for Alloway Halberds : RHP Joe Holmes
Batting: RHB Robert Bailey 0-0: Ball
1-0: Foul Ball, location: 2F
1-1: Called Strike
1-2: Ball
2-2: Ball
3-2: SINGLE (Line Drive, 78S)
Batting: SHB Dan Godwin 0-0: Ball
1-0: SINGLE (Flyball, 8LS)
Robert Bailey to second
Batting: SHB Omar Gutiérrez 0-0: Swinging Strike
0-1: Called Strike
0-2: Foul Ball, location: 2F
0-2: Ball
1-2: Strikes out looking
Batting: RHB Anastasio Cabanillas 0-0: SINGLE (Line Drive, 3D)
Robert Bailey to third
Dan Godwin to second
Runner from 3rd tries for Home, SAFE, no throw or cutoff
Batting: RHB Lonnie Conrad 0-0: Called Strike
0-1: Ball
1-1: Foul Ball, location: 2F
1-2: Ball
2-2: Foul Ball, location: 2F
2-2: Ball
3-2: DOUBLE (Line Drive, 8LXD)
Dan Godwin scores
Anastasio Cabanillas to third
Anastasio Cabanillas scores
Batting: LHB Jesse Taylor 0-0: Ball
1-0: Foul Ball, location: 2F
1-1: Ball
2-1: Ball
3-1: Called Strike
3-2: Fly out, F5 (Popup, 5SF)
Batting: LHB Orlando Trevino 0-0: Swinging Strike
0-1: Called Strike
0-2: Ground out U3 (Groundball, 3S)
Bottom of the 3rd over - 3 run(s), 4 hit(s), 0 error(s), 1 left on base; Alloway 0 - Tortolita 4
TOP OF THE 4TH
Alloway Halberds batting - Pitching for Tortolita Drummers : RHP Javier Estrada
Batting: LHB Mathew Rose 0-0: Swinging Strike
0-1: Ball
1-1: Ball
2-1: Foul Ball, location: 2F
2-2: Ground out 4-3 (Groundball, 4)
Batting: LHB Matt Mitchell 0-0: Ball
1-0: Ball
2-0: SINGLE (Flyball, 8RS)
Batting: LHB Kenji Takahashi 0-0: DOUBLE (Line Drive, 7LS)
Matt Mitchell to third
Batting: RHB Tracy Larson 0-0: Foul Ball, location: 2F
0-1: Swinging Strike
0-2: Ball
1-2: Strikes out swinging
Batting: RHB Mark Davis 0-0: Called Strike
0-1: Foul Ball, location: 2F
0-2: Ball
1-2: Strikes out swinging
Top of the 4th over - 0 run(s), 2 hit(s), 0 error(s), 2 left on base; Alloway 0 - Tortolita 4
BOTTOM OF THE 4TH
Tortolita Drummers batting - Pitching for Alloway Halberds : RHP Joe Holmes
Batting: RHB Jim Harris 0-0: Swinging Strike
0-1: Called Strike
0-2: Strikes out swinging
Batting: RHB Ray Whittier 0-0: Called Strike
0-1: Called Strike
0-2: Strikes out swinging
Batting: RHB Robert Bailey 0-0: Ball
1-0: Ball
2-0: Swinging Strike
2-1: Ball
3-1: Called Strike
3-2: Fly out, F7 (Flyball, 7LM)
Bottom of the 4th over - 0 run(s), 0 hit(s), 0 error(s), 0 left on base; Alloway 0 - Tortolita 4
TOP OF THE 5TH
Alloway Halberds batting - Pitching for Tortolita Drummers : RHP Javier Estrada
Batting: RHB Pedro Orozco 0-0: Ball
1-0: Ball
2-0: Called Strike
2-1: Ball
3-1: Base on Balls
Batting: RHB Maurice Wiebe 0-0: Fielders Choice at 2nd, 5-4 (Groundball, 5L)
Batting: RHB Bill Stewart 0-0: Ball
1-0: Ball
2-0: Ball
3-0: Called Strike
3-1: Foul Ball, location: 2F
3-2: Fly out, F9 (Flyball, 89M)
Batting: RHB Jonathan Cundall 0-0: Ground out U3 (Groundball, 3L)
Top of the 5th over - 0 run(s), 0 hit(s), 0 error(s), 1 left on base; Alloway 0 - Tortolita 4
BOTTOM OF THE 5TH
Tortolita Drummers batting - Pitching for Alloway Halberds : RHP Joe Holmes
Pitching: RHP Manuel Reyes
Batting: SHB Dan Godwin 0-0: Ground out 4-3 (Groundball, 4)
Batting: SHB Omar Gutiérrez 0-0: Ball
1-0: Called Strike
1-1: Ball
2-1: Ball
3-1: Called Strike
3-2: Foul Ball, location: 2F
3-2: Ground out 3-1 (Groundball, 34)
Batting: RHB Anastasio Cabanillas 0-0: Ball
1-0: Called Strike
1-1: Foul Ball, location: 2F
1-2: Foul Ball, location: 2F
1-2: Foul Ball, location: 2F
1-2: Foul Ball, location: 2F
1-2: Ball
2-2: Foul Ball, location: 2F
2-2: Ball
3-2: Base on Balls
Batting: RHB Lonnie Conrad 0-0: Ball
1-0: Foul Ball, location: 2F
1-1: Foul Ball, location: 2F
1-2: Fielders Choice at 2nd, U6 (Groundball, 6M)
Bottom of the 5th over - 0 run(s), 0 hit(s), 0 error(s), 1 left on base; Alloway 0 - Tortolita 4
TOP OF THE 6TH
Alloway Halberds batting - Pitching for Tortolita Drummers : RHP Javier Estrada
Batting: LHB Mathew Rose 0-0: Called Strike
0-1: Ground out 1-3 (Groundball, 15)
Batting: LHB Matt Mitchell 0-0: Called Strike
0-1: SOLO HOME RUN (Flyball, 9D), Distance : 376 ft
Batting: LHB Kenji Takahashi 0-0: Called Strike
0-1: Foul Ball, location: 2F
0-2: Foul Ball, location: 2F
0-2: Ground out 6-3 (Groundball, 6M)
Batting: RHB Tracy Larson 0-0: Ball
1-0: Ball
2-0: Called Strike
2-1: Swinging Strike
2-2: Fly out, F9 (Flyball, 9D)
Top of the 6th over - 1 run(s), 1 hit(s), 0 error(s), 0 left on base; Alloway 1 - Tortolita 4
BOTTOM OF THE 6TH
Tortolita Drummers batting - Pitching for Alloway Halberds : RHP Manuel Reyes
Batting: LHB Jesse Taylor 0-0: Swinging Strike
0-1: Called Strike
0-2: Strikes out swinging
Batting: LHB Orlando Trevino 0-0: Ball
1-0: Ball
2-0: Ball
3-0: Base on Balls
Batting: RHB Jim Harris 0-0: Called Strike
0-1: Ball
1-1: Fly out, F4 (Popup, 4MD)
Batting: RHB Ray Whittier 0-0: Called Strike
0-1: Ball
1-1: Swinging Strike
1-2: Strikes out swinging
Bottom of the 6th over - 0 run(s), 0 hit(s), 0 error(s), 1 left on base; Alloway 1 - Tortolita 4
TOP OF THE 7TH
Alloway Halberds batting - Pitching for Tortolita Drummers : RHP Javier Estrada
Batting: RHB Mark Davis 0-0: Ball
1-0: Called Strike
1-1: Ball
2-1: Called Strike
2-2: Strikes out swinging
Batting: RHB Pedro Orozco 0-0: Ball
1-0: Swinging Strike
1-1: Fly out, F9 (Flyball, 89M)
Batting: RHB Maurice Wiebe 0-0: Ball
1-0: SINGLE (Groundball, 56)
Pitching: LHP Dana Hennessey
Batting: RHB Bill Stewart 0-0: Ball
1-0: Foul Ball, location: 2F
1-1: Foul Ball, location: 2F
1-2: Foul Ball, location: 2F
1-2: Ball
2-2: Foul Ball, location: 2F
2-2: Foul Ball, location: 2F
2-2: Ball
3-2: DOUBLE (Line Drive, 8LM)
Maurice Wiebe to third
Maurice Wiebe scores
Batting: RHB Jonathan Cundall 0-0: Ball
1-0: Ball
2-0: Swinging Strike
2-1: Swinging Strike
2-2: Strikes out swinging
Top of the 7th over - 1 run(s), 2 hit(s), 0 error(s), 1 left on base; Alloway 2 - Tortolita 4
BOTTOM OF THE 7TH
Tortolita Drummers batting - Pitching for Alloway Halberds : RHP Manuel Reyes
Pitching: RHP Jim Unknown
Batting: RHB Robert Bailey 0-0: Called Strike
0-1: Called Strike
0-2: Foul Ball, location: 2F
0-2: Ball
1-2: Strikes out looking
Batting: SHB Dan Godwin 0-0: Called Strike
0-1: Ball
1-1: Swinging Strike
1-2: Ball
2-2: Ball
3-2: Strikes out swinging
Batting: SHB Omar Gutiérrez 0-0: Ball
1-0: Called Strike
1-1: Fly out, F9 (Flyball, 9M)
Bottom of the 7th over - 0 run(s), 0 hit(s), 0 error(s), 0 left on base; Alloway 2 - Tortolita 4
TOP OF THE 8TH
Alloway Halberds batting - Pitching for Tortolita Drummers : LHP Dana Hennessey
Batting: LHB Mathew Rose 0-0: Foul Ball, location: 2F
0-1: Ball
1-1: Foul Ball, location: 2F
1-2: SOLO HOME RUN (Flyball, 9LD), Distance : 363 ft
Pitching: LHP Ron Anderson
Batting: LHB Matt Mitchell 0-0: Foul Ball, location: 2F
0-1: Ball
1-1: Ball
2-1: Ball
3-1: Base on Balls
Batting: LHB Kenji Takahashi 0-0: Called Strike
0-1: Called Strike
0-2: Ball
1-2: Foul Ball, location: 2F
1-2: Fly out, F9 (Flyball, 9S)
Pitching: RHP Kevin Gross
Pinch Hitting: RHB Aaron Harper 0-0: Called Strike
0-1: DOUBLE (Groundball, 3L)
Matt Mitchell to third
Runner from 3rd tries for Home, throw and OUT!
Pinch Hitting: LHB Luis Gutiérrez 0-0: Swinging Strike
0-1: Ball
1-1: Ball
2-1: Swinging Strike
2-2: Foul Ball, location: 2F
2-2: SINGLE (Groundball, 34D)
Aaron Harper to third
Runner from 3rd tries for Home, SAFE, no throw or cutoff
Batting: RHB Pedro Orozco 0-0: Ball
1-0: Ball
2-0: Called Strike
2-1: SINGLE (Groundball, 56D)
Luis Gutiérrez to second
Pinch Hitting: LHB Will Sherman 0-0: Fielders Choice at 2nd, 5-4 (Groundball, 5D)
Top of the 8th over - 2 run(s), 4 hit(s), 0 error(s), 1 left on base; Alloway 4 - Tortolita 4
BOTTOM OF THE 8TH
Tortolita Drummers batting - Pitching for Alloway Halberds : RHP Jim Unknown
Now at 2B: Donald O'Herlihy
Now at 3B: Luis Gutiérrez
Now in LF: Will Sherman
Pinch Hitting: SHB Yosuke Kiyomizu 0-0: Called Strike
0-1: Ball
1-1: SINGLE (Flyball, 8RS)
Batting: RHB Lonnie Conrad 0-0: Called Strike
0-1: Foul Ball, location: 2F
0-2: Ball
1-2: DOUBLE (Flyball, 7LM)
Yosuke Kiyomizu to third
Batting: LHB Jesse Taylor 0-0: Ball
1-0: Ball
2-0: Ball
3-0: Called Strike
3-1: Swinging Strike
3-2: SINGLE (Groundball, 6M)
Yosuke Kiyomizu scores
Lonnie Conrad to third
Runner from 3rd tries for Home, SAFE, throw made home
Jesse Taylor to second
Batting: LHB Orlando Trevino 0-0: Intentional Walk
Batting: RHB Jim Harris 0-0: Called Strike
0-1: SINGLE (Line Drive, 6MD)
Jesse Taylor to third
Orlando Trevino to second
Runner from 3rd tries for Home, SAFE, no throw or cutoff
Pitching: RHP Jim Unknown
Batting: RHB Ray Whittier 0-0: Called Strike
0-1: Swinging Strike
0-2: Ball
1-2: Foul Ball, location: 2F
1-2: 3-RUN HOME RUN (Flyball, 78XD), Distance : 400 ft
Batting: RHB Robert Bailey 0-0: Ball
1-0: Fly out, F4 (Popup, 4MD)
Batting: SHB Dan Godwin 0-0: Foul Ball, location: 2F
0-1: Ball
1-1: Ground out 3-1 (Groundball, 34)
Batting: SHB Omar Gutiérrez 0-0: Called Strike
0-1: Ball
1-1: Ball
2-1: Ball
3-1: Fly out, F7 (Flyball, 7LS)
Bottom of the 8th over - 6 run(s), 5 hit(s), 0 error(s), 0 left on base; Alloway 4 - Tortolita 10
TOP OF THE 9TH
Alloway Halberds batting - Pitching for Tortolita Drummers : RHP Kevin Gross
Now in LF: Jim Unknown
Batting: RHB Bill Stewart 0-0: Ball
1-0: Called Strike
1-1: Ball
2-1: Called Strike
2-2: Ball
3-2: Ground out 4-3 (Groundball, 4)
Batting: RHB Jonathan Cundall 0-0: Ball
1-0: Ball
2-0: Called Strike
2-1: Swinging Strike
2-2: Strikes out swinging
Batting: LHB Mathew Rose 0-0: Called Strike
0-1: Ground out 1-3 (Groundball, 13S)
Top of the 9th over - 0 run(s), 0 hit(s), 0 error(s), 0 left on base; Alloway 4 - Tortolita 10
This league is powered by Out of the Park Baseball, the baseball management simulation game for PC, Mac and Linux
Saturday, July 25th, 2015 - OOTP Baseball 15.6 Build 34